 Dungeon Crawl Stone Soup version 0.21-a0-283-g622b906 (webtiles) character file.

2 4thArraOfDagon the Magician (level 1, 0/13 HPs)
             Began as a Gnoll Wanderer on Sept 24, 2017.
             Shot with a stone by a goblin (5 damage)
             ... on level 2 of the Dungeon.
             The game lasted 00:00:41 (97 turns).

4thArraOfDagon the Magician (Gnoll Wanderer)          Turns: 97, Time: 00:00:41

Health: 0/13       AC:  2    Str:  7    XL:     1   Next: 40%
Magic:  4/4        EV: 12    Int:  7    God:
Gold:   25         SH:  0    Dex:  7    Spells: 6/6 levels left

rFire    . . .     SeeInvis .   c - +0 falchion
rCold    . . .     Gourm    .   (no shield)
rNeg     . . .     Faith    .   d - +0 robe
rPois    .         Spirit   .   (no helmet)
rElec    .         Reflect  .   (no cloak)
rCorr    .         Harm     .   (no gloves)
MR       .....                  (no boots)
Stlth    +.........             (no amulet)
HPRegen  0.04/turn              (no ring)
MPRegen  0.09/turn              (no ring)

@: no status effects
A: unchanging attributes, fangs 1, strong nose
a: no special abilities


You were on level 2 of the Dungeon.
You were not hungry.

You visited 1 branch of the dungeon, and saw 2 of its levels.

You collected 25 gold pieces.

Inventory:

Hand Weapons
 c - a +0 falchion (weapon)
Missiles
 g - 21 arrows
Armour
 d - a +0 robe (worn)
Scrolls
 h - a scroll of identify {unknown}
Potions
 e - a potion of brilliance {unknown}
 i - a potion of haste {unknown}
 j - a potion of flight {unknown}
Books
 a - a book of Changes

   Spells                             Type                      Level
   a - Beastly Appendage              Transmutation                1
   b - Sticks to Snakes               Transmutation                2
   c - Spider Form                    Transmutation/Poison         3
   d - Ice Form                       Ice/Transmutation            4
   e - Blade Hands                    Transmutation                5
 b - the Almanac of Intoxication

   Spells                             Type                      Level
   a - Sting                          Conjuration/Poison           1
   b - Spider Form                    Transmutation/Poison         3
Comestibles
 f - a bread ration


   Skills:
 * Level 2.9 Long Blades
 - Level 1.3 Throwing
 + Level 1.7 Dodging
 - Level 1.2 Stealth
 - Level 3.0 Spellcasting
   Level 1.3 Transmutations
   Level 2.6 Poison Magic


You had 6 spell levels left.
You didn't know any spells.

Dungeon Overview and Level Annotations

Branches:
Dungeon (2/15)

Altars:

Annotations:
D:1 1 runed door


Innate Abilities, Weirdness & Mutations

Your physical attributes are unchanging.
You have very sharp teeth.
Your uncanny sense of smell can sniff out nearby items.


Message History

The bat closely misses you.
You barely miss the bat. The bat hits you but does no damage. x2
You closely miss the bat. The bat hits you but does no damage.
You closely miss the bat. The bat barely misses you. x2
You barely miss the bat. The bat barely misses you. The bat closely misses you.
The bat misses you.
You riposte.
You hit the bat.
You kill the bat!
Found 11 gold pieces.
Found a stone staircase leading down and a stone staircase leading up.
You see here a fizzy sapphire potion.
j - a fizzy sapphire potion
Found 11 gold pieces.
You see here 11 gold pieces.
You now have 25 gold pieces (gained 11).
Found a scroll labeled ITHUYM OCOR.
The goblin shoots a stone.
The stone hits you but does no damage.
There is a stone staircase leading down here.
You see here a stone.
The goblin shoots a stone.
The stone hits you.
You die...

.#.#.#.######...#....
........†g.......#
.#+########......#
.)...... #.#..###
.....### #g#..###
.....# #....w.#
.#+#.# .######...# .#
.# ..........# .. .
.........@# ##
#######.#....#
#.#..#.# #.#....#
#....### ###.$# ##..
∆ #?.


You could see a worm and a goblin.

Vanquished Creatures
  A bat (D:2)
  A goblin (D:2)
2 creatures vanquished.

Notes
Turn   | Place    | Note
-------+----------+-------------------------------------------
     0 | D:1      | 4thArraOfDagon the Gnoll Wanderer began the quest for the Orb.
     0 | D:1      | 4thArraOfDagon set off with: a book of Changes, the Almanac of Intoxication, a +0 falchion, a +0 robe, a bread ration
     0 | D:1      | Reached XP level 1. HP: 13/13 MP: 4/4
     1 | D:1      | Found a runed door.
     5 | D:1      | Identified the Almanac of Intoxication
    97 | D:2      | Shot with a stone by a goblin

Vault maps used:
D:1:      dpeg_arrival_caged_fury, st_stairs_5
D:2:      uniq_natasha

Action                   || total
-------------------------++-------
Melee: Falchion          ||    11
       Bite              ||     1
Armor: Robe              ||     8
Dodge: Dodged            ||    14
       Rpst.: Falchion   ||     4

Table legend:
 A = Spawn XP
 B = Non-spawn XP
 C = Spawn XP percentage of total XP
 D = Spawn monster count
 E = Non-spawn monster count
 F = Spawn count percentage of total count
 G = Total turns spent on level
                    A         B        C        D         E        F      G
               +---------+---------+-------+---------+---------+-------+---------
         Total |       0 |       4 |   0.0 |       0 |       2 |   0.0 |    97
               +---------+---------+-------+---------+---------+-------+---------
           D:2 |       0 |       4 |   0.0 |       0 |       2 |   0.0 |    42
               +---------+---------+-------+---------+---------+-------+---------
